 Dungeon Crawl Stone Soup version 0.26-a0-665-gefeb406119 (webtiles) character file.

Game seed: 1804551308279282524

38 reriks the Digger (level 3, 4/28 HPs)
             Began as a Deep Dwarf Earth Elementalist on Oct 15, 2020.
             Quit the game on level 2 of the Dungeon on Oct 16, 2020.
             The game lasted 00:01:23 (552 turns).

reriks the Digger (Deep Dwarf Earth Elementalist)    Turns: 552, Time: 00:01:23

Health: 4/28       AC:  7    Str: 12    XL:     3   Next: 25%
Magic:  3/6        EV:  3    Int: 15    God:
Gold:   30         SH:  6    Dex: 13    Spells: 5/6 levels left

rFire    . . .     SeeInvis .   d - +0 whip
rCold    . . .     Faith    .   h - +0 kite shield
rNeg     . . .     Spirit   .   a - -2 chain mail
rPois    .         Reflect  .   (no helmet)
rElec    .         Harm     .   (no cloak)
rCorr    .         Rampage  .   (no gloves)
MR       .....                  i - +0 pair of boots
Stlth    ..........             (no amulet)
HPRegen  0.00/turn              (no ring)
MPRegen  0.10/turn              (no ring)

@: mildly poisoned (4 -> 4), non-regenerating
A: damage resistance, heal wounds, sense surroundings 1, no regeneration
a: Heal Wounds


You were on level 2 of the Dungeon.
You visited 1 branch of the dungeon, and saw 2 of its levels.

You collected 30 gold pieces.

Inventory:

Hand Weapons
 d - a +0 whip (weapon)
Missiles
 b - 26 stones (quivered)
Armour
 a - a -2 chain mail (worn)
 c - a +0 robe
 h - a +0 kite shield (worn)
 i - a +0 pair of boots (worn)
Scrolls
 e - a scroll of identify {unknown}
 g - a scroll of remove curse
Potions
 f - a potion of invisibility {unknown}


   Skills:
 + Level 2.7 Dodging
 + Level 3.2 Stealth
 + Level 2.2 Spellcasting
   Level 0.8 Transmutations
 + Level 4.5 Earth Magic


You had 5 spell levels left.
You knew the following spells:

 Your Spells              Type           Power        Failure   Level
a - Sandblast             Erth           ###...       100%        1

Your spell library contained the following spells:

 Spells                   Type           Power        Failure   Level
 Passwall                 Tmut/Erth      #.......     100%        2
 Stone Arrow              Conj/Erth      #.....       100%        3
 Petrify                  Tmut/Erth      #.......     100%        4
 Lee's Rapid Deconstruct  Erth           ###.......   100%        5


Dungeon Overview and Level Annotations

Branches:
Dungeon (2/15)

Altars:


Innate Abilities, Weirdness & Mutations

You are resistant to damage.
You can heal yourself by infusing magical energy.
You passively map a small area around you.
You do not regenerate.


Message History

Increase (S)trength, (I)ntelligence, or (D)exterity?
You feel stronger. You block the bat's attack.
The dart slug completely misses you.
You hit the dart slug.
The dart slug is heavily wounded.
You block the bat's attack. You block the dart slug's attack.
You hit the dart slug but do no damage.
The dart slug is heavily wounded.
The bat barely misses you. You block the dart slug's attack.
You completely miss the dart slug.
The dart slug is heavily wounded.
The bat barely misses you.
The dart slug bites you but does no damage.
Your magical contamination has completely faded away.
You hit the dart slug.
You kill the dart slug!
The bat barely misses you.
Things that are here:
a +0 club; a hunting sling; a hobgoblin corpse Are you sure you want to abandon this character and quit the game? (Confirm with "yes".)

* ## #..# , ..
** .# #..# #., .
.... . * *
#.#..# .#,
*,*#.#..##.# * ,
.......# ,
.#.####.)...#.#.
*
..>...b.........
,
######@.#.#..##,
* ........<#,#*,
......#..# *
.........# * , *
.......... * ,
**.####....##
*#....# * .....#
* ,.....?# * , *


You could see a bat.

Vanquished Creatures
  An adder (D:2)
  A dart slug (D:2)
  2 leopard geckos (D:1)
  A bat (D:1)
  A giant cockroach (D:1)
  5 goblins (D:1)
  5 hobgoblins
  A ball python (D:1)
  A frilled lizard (D:1)
  A kobold (D:1)
  4 rats (D:1)
23 creatures vanquished.

Notes
Turn   | Place    | Note
-------+----------+-------------------------------------------
     0 | D:1      | reriks the Deep Dwarf Earth Elementalist began the quest
                  | for the Orb.
     0 | D:1      | Reached XP level 1. HP: 15/15 MP: 3/3
   193 | D:1      | Reached XP level 2. HP: 20/22 MP: 4/4
   546 | D:2      | Reached XP level 3. HP: 4/28 MP: 3/6
   552 | D:2      | Quit the game

Illustrated notes

Levels and vault maps discovered:
D:1:      saegor_arrival_miasma, layout_rooms
D:2:      layout_basic, palyth_stone_intersect, yredelemnul_altar_generic

Skill      XL: |  1  2 |
---------------+-------+-----
Spellcasting   | 2 |  2.2
Stealth        | 3 |  3.2
Dodging        | |  2.7
Transmutations | |  0.8
Earth Magic    | |  4.5

Action                   || total
-------------------------++-------
Melee: Whip              ||   128
       Unarmed           ||     3
 Cast: Sandblast         ||     4
 Abil: Heal Wounds       ||     1
  Use: Scroll            ||     2
Armor: Chain mail        ||   124
Dodge: Dodged            ||    46
Block: Kite shield       ||    40

Table legend: (Time is in decaauts)
 A = Elapsed time spent in this place.
 B = Non-inter-level travel time spent in this place.
 C = Inter-level travel time spent in this place.
 D = Time resting spent in this place.
 E = Time spent auto-exploring this place.
 F = Levels seen in this place.
 G = Mean time per level.
                   A        B        C        D        E       F      G
               +--------+--------+--------+--------+--------+-----+--------+
         Total |    569 |    559 |     10 |     29 |    266 |   2 |  284.5 |
       Dungeon |    569 |    559 |     10 |     29 |    266 |   2 |  284.5 |
               +--------+--------+--------+--------+--------+-----+--------+

Top non-repeatable levels by time:
     D:1: 509 daAuts
     D:2: 60 daAuts
